 Dungeon Crawl Stone Soup version 0.29.1-15-g9cfb28693d (webtiles) character file.

Game seed: 13838234832427085741

2 croobank the Sneak (level 1, -1/24 HPs)
             Began as an Octopode Delver on Mar 16, 2023.
             Slain by a scorpion (5 damage)
             ... on level 4 of the Dungeon.
             The game lasted 00:01:29 (454 turns).

croobank the Sneak (Octopode Delver)                 Turns: 454, Time: 00:01:29

Health: -1/24      AC: 20    Str: 11    XL:     1   Next: 40%
Magic:  1/1        EV:  2    Int: 12    God:
Gold:   12         SH:  0    Dex: 13    Spells: 0/0 levels left

rFire   . . .      SeeInvis .   a - +0 hand axe
rCold   . . .      Faith    .   (no shield)
rNeg    . . .      Spirit   .   (helmet currently unavailable)
rPois   +          Reflect  .   (no amulet)
rElec   .          Harm     .   (no ring)
rCorr   .          Rampage  .   (no ring)
Will    .....      NoTele   +   (no ring)
Stlth   +++.......              (no ring)
HPRegen 0.08/turn               (no ring)
MPRegen 0.07/turn               (no ring)
                                (no ring)
                                (no ring)

@: tree-form
A: stationary, stasis, torment immunity, boosted hp, almost no armour,
(amphibious), 8 rings, (camouflage 1), (gelatinous body 1), (nimble swimmer 1),
(tentacles)
a: no special abilities


You were on level 4 of the Dungeon.
You were a tree.
You visited 1 branch of the dungeon, and saw 3 of its levels.

You collected 12 gold pieces.

Inventory:

Hand Weapons
 a - a +0 hand axe (weapon)
Wands
 f - a wand of digging (3)
Scrolls
 b - a scroll of fog
 i - a scroll of acquirement {unknown}
Potions
 h - a potion of lignification


   Skills:
 + Level 3.0 Fighting
 + Level 2.0 Axes
 + Level 2.0 Dodging
 + Level 6.6 Stealth


You couldn't memorise any spells.
You didn't know any spells.
Your spell library was empty.

Dungeon Overview and Level Annotations

Branches:
Dungeon (6/15)
 Temple: D:4-7

Altars:
Fedhas
Makhleb


Innate Abilities, Weirdness & Mutations

You are a tree.
Your roots penetrate the ground, keeping you stationary.
You cannot be teleported.
You are immune to unholy pain and torment.
Your maximum health is greatly increased.
You cannot wear most types of armour.
((You are amphibious.))
You can wear up to eight rings at the same time.
((Your skin changes colour to match your surroundings (Stealth+).))
((Your rubbery body absorbs attacks. (AC +1, EV +1)))
((You are camouflaged when in or above water. (Stealth+)))
((You have tentacles for arms and can constrict up to eight enemies at once.))


Message History

You start resting.
HP restored.
Really wriggle into that teleport trap?
You enter a teleport trap!
The teleport trap disappears.
Your surroundings suddenly seem different. 2 jackals, an adder and a scorpion come into view.
The helpless jackal fails to defend itself.
You slash the jackal!
You kill the jackal!
The helpless jackal fails to defend itself.
You hit the jackal. The jackal closely misses you.
The jackal bites you but does no damage.
You barely miss the jackal. You grab the jackal. You squeeze the jackal.
The jackal is moderately wounded.
You constrict the jackal. The jackal bites you.
You hit the jackal.
You kill the jackal!
Found 13 gold pieces.
Found a burning altar of Makhleb.
The scorpion stings you! The scorpion attacks as you move away!
The scorpion barely misses you. The scorpion closely misses you.
The scorpion attacks as you move away! The scorpion barely misses you.
The adder hisses angrily.
It was a potion of cancellation.
You feel magically purged. The scorpion stings you.
* * * LOW HITPOINT WARNING * * *
It was a potion of lignification.
You turn into a tree.
Your roots penetrate the ground.
The scorpion stings you but does no damage.
Okay, then.
As you read the scroll labelled BIHUUP ONONKA, it crumbles to dust.
It is a scroll of amnesia.
You feel forgetful for a moment.
The scorpion stings you but does no damage.
You hit the scorpion but do no damage.
The scorpion stings you but does no damage. x2
You hit the scorpion.
The scorpion is moderately wounded.
The scorpion stings you.
You die...

######## #......#
#......# #......#
#......# #......#
#.## #......#
.#....####...†..#
.......♣sS......#
.≈.§≈≈≈≈≈≈......#
.≈...$...≈.+#####
.≈.###.#.§..# §§
...#.§.§# §
#._.#.≈..#
#...#.§..#
#.###.§..#


You could see a scorpion and an adder.

Vanquished Creatures
  2 jackals (D:4)
2 creatures vanquished.

Notes
Turn   | Place    | Note
-------+----------+-------------------------------------------
     0 | D:5      | croobank the Octopode Delver began the quest for the Orb.
     0 | D:5      | Reached XP level 1. HP: 16/16 MP: 1/1
    52 | D:6      | Noticed a bullfrog
    55 | D:6      | Noticed a sky beast
    55 | D:6      | Noticed an orc warrior
   106 | D:5      | Found a blossoming altar of Fedhas.
   124 | D:5      | Noticed an iguana
   156 | D:5      | Noticed an orc priest
   169 | D:5      | Noticed a hound
   187 | D:4      | Noticed a water moccasin
   440 | D:4      | Noticed a scorpion
   446 | D:4      | Found a burning altar of Makhleb.
   454 | D:4      | Slain by a scorpion

Illustrated notes

Levels and vault maps discovered:
D:4:      layout_basic, mainiacjoe_overflow_brackets,
          nicolae_uskayaw_dance_hall, gammafunk_ghost_smash
D:5:      layout_rooms, mainiacjoe_overflow_alcove_2
D:6:      minmay_thinvault, layout_basic, serial_shops, shop_fountains,
          small_statue_intersection, uniq_duvessa, uniq_grinder

Action                   || total
-------------------------++-------
Melee: Hand axe          ||     5
       Constrict         ||     1
       Tentacles         ||     1
  Use: Scroll            ||     3
       Potion            ||     3
 Stab: Sleeping          ||     2
Armor: Skin              ||     5
Dodge: Dodged            ||     5
